 Dungeon Crawl Stone Soup version 0.17.1-2-g5865329 (webtiles) character file.

231 Faustar the Chiller (level 5, 0/35 HPs)
             Began as a Mummy Ice Elementalist on Feb 4, 2016.
             Slain by Starbucks's ghost (7 damage)
             ... on level 4 of the Dungeon.
             The game lasted 00:17:44 (5377 turns).

Faustar the Chiller (Mummy Ice Elementalist)        Turns: 5377, Time: 00:17:44

Health: 0/35       AC:  3    Str: 11    XL:     5   Next: 73%
Magic:  9/9        EV:  7    Int: 16    God:
Gold:   201        SH:  0    Dex: 12    Spells: 2 memorised, 7 levels left

rFire  x . .     SeeInvis .     c - +0 club (curse)
rCold  + . .     Clarity  .     a - +0 robe
rNeg   + + +     SustAt   .     (no shield)
rPois  ∞         Gourm    .     (no helmet)
rElec  .         Spirit   .     (no cloak)
rCorr  .         Warding  .     (no gloves)
rMut   .         Stasis   .     i - +0 pair of boots
MR     .....                    m - amulet of faith
Stlth  ++........               (no ring)
                                (no ring)

@: not resistant to hostile enchantments, unstealthy
A: no food or potions, fire vulnerability, cold resistance 1, negative energy
resistance 3, torment resistance, unbreathing
a: no special abilities


You were on level 4 of the Dungeon.
You were not hungry.

You visited 2 branches of the dungeon, and saw 5 of its levels.

You collected 201 gold pieces.

Inventory:

Hand Weapons
 c - a cursed +0 club (weapon)
 h - a +0 dagger of flaming
 j - a +1 flail of protection
Armour
 a - a +0 robe (worn)
 i - a +0 pair of boots (worn)
Jewellery
 m - an amulet of faith (around neck)
 o - an uncursed ring of fire
Wands
 n - a wand of fire (11)
Scrolls
 d - 4 scrolls of teleportation
 e - 3 scrolls of amnesia
 f - a scroll of identify
 g - a scroll of blinking
 k - 2 scrolls of fog
 l - a scroll of fear
Books
 b - a book of Frost

   Spells                             Type                      Level
   a - Freeze                         Ice                          1
   b - Throw Frost                    Conjuration/Ice              2
   c - Ozocubu's Armour               Charms/Ice                   3
   d - Throw Icicle                   Conjuration/Ice              4
   e - Summon Ice Beast               Ice/Summoning                4
   f - Condensation Shield            Ice                          4


   Skills:
 - Level 1.5 Dodging
 - Level 1.5 Stealth
 - Level 3.1 Spellcasting
 - Level 0.7 Conjurations
 + Level 4.9 Ice Magic


You had 7 spell levels left.
You knew the following spells:

 Your Spells              Type           Power        Failure   Level  Hunger
a - Freeze                Ice            ###.         2%          1    N/A
b - Throw Frost           Conj/Ice       ##....       10%         2    N/A

Dungeon Overview and Level Annotations

Branches:
Dungeon (4/15)             Temple (1/1) D:4

Altars:
Ashenzari
Cheibriados
Dithmenos
Elyvilon
Fedhas
Gozag
Kikubaaqudgha
Makhleb
Nemelex Xobeh
Okawaru
Qazlal
Ru
Trog
Vehumet
Xom
Yredelemnul
Zin
The Shining One

Annotations:
D:3 Gargoyl's ghost, amateur DsAK
D:4 Starbucks's ghost, amateur DsGl


Innate Abilities, Weirdness & Mutations

You do not eat or drink.
Your flesh is vulnerable to fire.
You are immune to poison.
Your flesh is cold resistant.
You are immune to negative energy.
You are immune to unholy pain and torment.
You can survive without breathing.


Message History

An orc wizard is nearby!
An orc wizard is nearby!
An orc wizard is nearby!
An orc wizard is nearby!
An orc and an orc warrior come into view.
The orc warrior shouts!
Found 25 stones.
You see here a scroll of blinking.
The orc priest mumbles some strange prayers to Beogh against you.
Something smites you!
The orc priest mumbles some strange prayers to Beogh against you.
Something smites you!
The orc priest miscasts a cantrip.
Starbucks's ghost turns its malevolent gaze towards you.
Starbucks's ghost hits you!
* * * LOW HITPOINT WARNING * * *
Starbucks's ghost closely misses you.
There is a staircase to the Ecumenical Temple here.
Starbucks's ghost hits you!
You die...

##......#### .... ...
##......o.##### #..# .
#####......#.....# ... #
.......###.##.##.##.##.# ######.#
#.#.........#.# #.#
#.............# #.#
#.#..⌠...⌠..#.# #..# ######.#
#.#.........#.# #..# #......#
#......@W.....# #..# #.######
###.........### #..# #.#
###..⌠...⌠..########..## #.#
#..................#..##
#<########.#)........######.#..##
#..........##.##.##.## #......
###########.#.#.....# ###..##
#.....##### #..# #.##### #####..#


You could see Starbucks's ghost and an orc.

Vanquished Creatures
  An ogre (D:4)
  2 orc wizards (D:3)
  2 adders
  2 oozes
  5 orcs
  5 giant cockroaches
  10 hobgoblins
  7 kobolds
  A quokka (D:2)
  2 ball pythons
  8 bats
  4 giant geckos
  2 giant newts
  6 goblins
  3 rats
60 creatures vanquished.

Notes
Turn   | Place    | Note
--------------------------------------------------------------
     0 | D:1      | Faustar the Mummy Ice Elementalist began the quest for the Orb.
     0 | D:1      | Reached XP level 1. HP: 13/13 MP: 3/3
   774 | D:1      | Reached XP level 2. HP: 14/19 MP: 1/5
  1058 | D:1      | Reached skill level 3 in Spellcasting
  1650 | D:2      | Reached XP level 3. HP: 24/24 MP: 1/7
  2769 | D:1      | Learned a level 2 spell: Throw Frost
  3369 | D:3      | Reached XP level 4. HP: 27/30 MP: 4/8
  3504 | D:3      | Noticed Gargoyl's ghost (amateur DsAK)
  4289 | D:3      | Reached skill level 4 in Ice Magic
  4289 | D:3      | Reached XP level 5. HP: 11/35 MP: 0/9
  4513 | D:4      | Noticed Starbucks's ghost (amateur DsGl)
  4587 | D:4      | Noticed an ogre
  4598 | D:4      | Killed an ogre
  4676 | D:4      | Found a staircase to the Ecumenical Temple.
  4688 | Temple   | Entered the Ecumenical Temple
  4835 | D:4      | Noticed an ogre
  5339 | D:4      | Noticed an orc warrior
  5377 | D:4      | Slain by Starbucks's ghost

Action                   |  1- 3 |  4- 6 || total
-------------------------+-------+-------++-------
Melee: Club              |    72 |    21 ||    93
       Unarmed           |     8 |       ||     8
 Cast: Freeze            |    76 |    27 ||   103
       Throw Frost       |       |    17 ||    17
  Use: Scroll            |     4 |     2 ||     6
 Stab: Sleeping          |     2 |       ||     2
